Map: Dreamcatcher LE

Players

MaNa - Winner!

  • Race: Protoss Protoss
  • Spawn Location: 5:00

Snute

  • Race: Zerg Zerg
  • Spawn Location: 11:00

Event: WCS Austin 2018

VOD

Have the link to the VOD?

Description

Time

  • Played on: June 3, 2018, 2:07 p.m.
  • Length: 14:49

All games in this series

Show
View Real Time Build Order
Export as new Build Order

MaNa Protoss - Winner!

Build Orders: 1 Gate Expand, Oracle Opening, Archon Immortal, Zealot Archon, Archon Drop 

Get SALT Encoding   

  12  0:00  Probe  
  13  0:12  Probe  
  14  0:18  Pylon  
  14  0:24  Probe  
  15  0:32  Probe  
  15  0:38  Assimilator  
  15  0:40  Probe  
  16  0:49  Gateway  
  17  0:50  Probe  
  18  0:59  Probe  
  19  1:07  Probe  
  20  1:25  Nexus  
  20  1:36  Cybernetics Core  
  20  1:38  Probe  
  21  1:47  Assimilator  
  21  1:51  Probe  
  22  1:56  Pylon  
  22  2:03  Probe  
  23  2:11  Probe  
  23  2:14  Adept  
  26  2:19  Probe  
  26  2:20  Stargate  
  26  2:25  Warp Gate  
  26  2:29  Probe  
  28  2:41  Adept, Probe  
  28  2:42  Probe  
  31  2:53  Probe  
  31  2:55  Probe  
  33  3:06  Oracle  
  33  3:08  Adept  
  33  3:10  Gateway  
  33  3:11  Probe  
  39  3:13  Probe  
  40  3:21  Shield Battery  
  40  3:26  Adept  
  40  3:29  Gateway  
  38  3:39  Probe  
  38  3:40  Probe  
  40  3:43  Oracle  
  40  3:46  Pylon  
  43  3:51  Probe  
  43  3:52  Probe  
  45  3:55  Assimilator  
  45  3:57  Assimilator  
  45  3:59  Probe  
  45  4:00  Probe  
  45  4:07  Probe  
  45  4:08  Robotics Facility, Probe  
  49  4:17  Twilight Council  
  49  4:18  Probe  
  50  4:24  Probe  
  50  4:27  Pylon  
  51  4:31  Probe  
  51  4:36  Gateway  
  51  4:37  Gateway, Probe  
  53  4:43  Probe  
  53  4:45  Warp Prism  
  54  4:47  Charge  
  54  4:49  Probe  
  55  4:57  Templar Archives  
  57  5:07  Gateway  
  57  5:08  Gateway  
  57  5:12  Zealot  
  57  5:13  Zealot  
  61  5:21  Pylon  
  61  5:26  Pylon  
  61  5:34  Nexus  
  61  5:40  High Templar x4  
  69  5:43  Pylon  
  69  5:44  Archon x2  
  69  5:45  Probe  
  69  5:47  Observer, Probe  
  72  5:50  Pylon  
  72  5:55  Shield Battery  
  72  5:59  Probe x2  
  72  6:03  Pylon  
  74  6:16  Zealot x4  
  76  6:22  Probe  
  76  6:23  Immortal  
  76  6:25  Probe  
  63  6:26  Zealot x2  
  65  6:34  Probe  
  65  6:37  Probe  
  68  6:40  High Templar x2  
  68  6:44  Archon  
  68  6:45  Zealot x2  
  76  6:54  Zealot x2  
  80  6:55  Immortal  
  80  7:05  High Templar x2  
  80  7:06  Probe x2  
  90  7:09  Archon, Probe  
  90  7:11  Shield Battery  
  90  7:14  Probe x2  
  91  7:17  Probe  
  91  7:22  Probe x2  
  94  7:23  Observer  
  94  7:25  Probe  
  97  7:32  Assimilator, Probe x2  
  97  7:33  Sentry x2  
  97  7:34  Immortal  
  107  7:38  Sentry  
  107  7:39  Probe  
  107  7:41  Assimilator  
  110  7:44  Probe  
  110  7:49  Forge  
  110  7:50  Forge  
  110  7:51  Probe  
  112  7:52  Observer, Probe  
  112  7:56  Phoenix  
  116  7:58  Probe  
  116  8:03  Robotics Facility  
  116  8:06  Pylon  
  116  8:07  Pylon  
  116  8:15  Protoss Ground Armor Level 1, Protoss Ground Weapons Level 1  
  116  8:25  Immortal  
  116  8:26  High Templar  
  122  8:27  Zealot x4  
  122  8:29  Probe x2  
  132  8:40  Pylon  
  132  8:41  Shield Battery  
  132  8:42  Shield Battery, Pylon  
  132  8:45  Pylon  
  132  8:51  Pylon  
  132  8:53  Pylon  
  132  8:54  Immortal  
  132  8:55  Pylon  
  130  8:57  Zealot  
  130  8:58  Sentry x2  
  130  9:01  Sentry, Immortal  
  130  9:02  Zealot x2  
  134  9:21  Zealot, Sentry  
  134  9:22  Zealot x2  
  132  9:25  Psionic Storm  
  132  9:27  Immortal  
  132  9:31  Probe x2  
  134  9:37  Zealot  
  134  9:38  Zealot, Immortal  
  144  10:01  Immortal  
  144  10:04  Zealot x3  
  144  10:05  Zealot  
  144  10:06  Nexus  
  154  10:09  Pylon  
  154  10:10  Immortal  
  152  10:19  Zealot  
  152  10:20  Zealot  
  157  10:23  Probe x2  
  157  10:24  Protoss Ground Armor Level 2, Protoss Ground Weapons Level 2  
  157  10:26  Zealot x2  
  157  10:27  Zealot x2  
  164  10:35  Warp Prism  
  164  10:42  Observer, High Templar x2  
  170  10:47  High Templar x2, Nexus  
  168  10:57  Zealot x2  
  168  11:02  Pylon  
  172  11:07  Photon Cannon  
  172  11:08  Photon Cannon  
  172  11:10  Photon Cannon  
  172  11:11  Shield Battery  
  169  11:21  High Templar x3  
  169  11:23  High Templar  
  177  11:31  Gateway  
  177  11:36  Zealot x2  
  179  11:43  Observer x2  
  179  11:44  Pylon  
  179  11:45  Photon Cannon  
  179  11:47  Photon Cannon  
  181  11:48  Shield Battery  
  181  11:55  Zealot x4  
  181  12:12  Zealot x2  
  181  12:14  Observer  
  181  12:15  Observer  
  181  12:18  Zealot x4  
  133  12:42  Observer  
  133  12:43  High Templar  
  133  12:44  Zealot x3, High Templar x2  
  125  12:52  Archon  
  125  12:53  Immortal  
  123  13:03  Gateway  
  123  13:04  Gateway  
  127  13:07  Gateway  
  127  13:10  Immortal  
  127  13:14  Probe x2  
  127  13:15  Probe x2  
  131  13:22  Zealot x7  
  149  13:27  Photon Cannon  
  149  13:34  Shield Battery  
  149  13:35  Probe x3  
  149  13:37  Pylon  
  152  13:42  High Templar x3  
  152  13:43  Zealot x2  
  152  13:45  Probe  
  152  13:47  Probe  
  164  13:48  Phoenix  
  164  13:50  Probe  
  147  14:14  Archon x2  
  137  14:19  Zealot  
  137  14:20  Zealot x6  
  145  14:32  Probe  
  145  14:37  Probe  
  140  14:38  Assimilator  
  140  14:39  Assimilator  
Show
View Real Time Build Order
Export as new Build Order

Snute Zerg 

Build Orders: Hatch First, Lurkers, Roach Hydra 

Get SALT Encoding   

  12  0:00  Drone  
  13  0:12  Overlord  
  13  0:17  Drone  
  14  0:30  Drone x2  
  16  0:48  Hatchery  
  15  0:50  Drone  
  15  0:54  Drone  
  17  0:57  Drone  
  17  1:02  Extractor  
  17  1:14  Spawning Pool  
  17  1:17  Drone  
  17  1:20  Drone  
  18  1:28  Drone  
  19  1:38  Overlord  
  19  1:50  Drone  
  20  2:00  Queen  
  20  2:01  Queen  
  24  2:03  Metabolic Boost  
  24  2:07  Zergling x2  
  25  2:10  Zergling x2  
  25  2:14  Zergling x2  
  27  2:16  Drone  
  27  2:22  Zergling x4  
  30  2:33  Zergling x4  
  32  2:44  Hatchery  
  32  2:45  Zergling x2  
  32  2:50  Overlord  
  32  2:54  Zergling x2  
  32  2:55  Drone  
  33  3:07  Drone x2  
  33  3:10  Drone x3  
  38  3:15  Drone  
  38  3:18  Drone  
  39  3:28  Overlord  
  39  3:30  Drone  
  39  3:36  Drone  
  39  3:38  Drone  
  39  3:40  Drone x2  
  39  3:41  Drone  
  44  3:45  Overlord  
  44  3:46  Spore Crawler x2  
  44  3:47  Queen  
  44  3:49  Drone  
  44  3:53  Drone x2  
  46  3:55  Drone  
  46  3:59  Drone  
  46  4:02  Queen  
  50  4:07  Drone  
  50  4:08  Drone x2  
  53  4:12  Spore Crawler, Drone  
  53  4:14  Drone  
  53  4:15  Drone  
  56  4:17  Drone  
  56  4:18  Drone  
  56  4:21  Overlord  
  56  4:23  Drone  
  58  4:30  Overlord, Queen  
  60  4:34  Drone x2  
  60  4:36  Overlord  
  62  4:38  Drone  
  62  4:39  Drone  
  62  4:42  Drone  
  62  4:43  Extractor  
  62  4:44  Extractor  
  63  4:50  Drone  
  63  4:51  Drone x4  
  66  4:53  Drone x2  
  66  4:56  Drone  
  66  4:59  Drone x2  
  71  5:01  Drone x2  
  73  5:09  Lair, Roach Warren  
  73  5:10  Drone  
  73  5:12  Drone  
  74  5:15  Evolution Chamber  
  74  5:17  Zergling x4  
  75  5:22  Extractor  
  75  5:25  Zergling x14  
  75  5:26  Zergling x2  
  82  5:29  Overlord  
  82  5:32  Overlord  
  82  5:36  Queen  
  82  5:42  Zerg Missile Weapons Level 1  
  84  5:47  Overlord x2  
  84  5:51  Roach  
  84  5:52  Roach x4  
  93  5:59  Roach  
  93  6:00  Roach x4  
  96  6:12  Overlord  
  96  6:14  Overlord  
  96  6:15  Queen x2  
  96  6:17  Overlord  
  97  6:23  Roach  
  97  6:24  Roach x3  
  102  6:26  Zergling x2  
  102  6:27  Zergling x4  
  102  6:28  Queen  
  102  6:29  Glial Reconstitution  
  103  6:36  Zergling x10  
  103  6:38  Hydralisk Den  
  106  6:47  Zergling x6  
  107  6:58  Zergling x6  
  107  7:00  Hatchery  
  101  7:11  Grooved Spines  
  101  7:12  Roach x6  
  109  7:15  Drone  
  109  7:16  Drone x3  
  109  7:20  Extractor  
  112  7:25  Drone x2  
  112  7:26  Drone  
  115  7:32  Drone x4  
  115  7:36  Zerg Missile Weapons Level 2  
  119  7:38  Hydralisk x4  
  119  7:41  Evolution Chamber  
  126  7:48  Hydralisk x6  
  138  7:51  Extractor  
  138  7:54  Hydralisk  
  138  7:56  Overseer  
  138  7:58  Hydralisk  
  139  8:02  Hydralisk x2  
  139  8:04  Overlord x2  
  145  8:16  Zerg Ground Armor Level 1  
  145  8:18  Hydralisk x2  
  149  8:23  Hydralisk x2  
  149  8:25  Zergling x2  
  149  8:26  Zergling x8  
  158  8:29  Hydralisk  
  158  8:33  Muscular Augments  
  160  8:37  Hydralisk  
  162  8:41  Hydralisk  
  162  8:42  Hydralisk  
  162  8:44  Overlord  
  166  8:49  Overlord  
  166  8:50  Overlord  
  165  9:00  Zergling x2  
  165  9:01  Zergling x16  
  165  9:02  Overlord x2  
  167  9:08  Hydralisk  
  167  9:09  Hydralisk x3  
  171  9:15  Zergling x12  
  148  9:21  Hydralisk x3  
  142  9:26  Hydralisk x2  
  146  9:33  Hydralisk  
  146  9:34  Hydralisk x3  
  154  9:39  Lurker Den  
  154  9:45  Zergling x16  
  149  9:56  Infestation Pit, Drone  
  149  9:57  Drone x4  
  149  9:59  Extractor  
  152  10:03  Hydralisk x5  
  162  10:08  Zerg Melee Weapons Level 1  
  162  10:10  Hydralisk  
  162  10:11  Hydralisk  
  155  10:21  Hydralisk x5  
  154  10:26  Zergling x2  
  154  10:27  Zergling x8  
  162  10:36  Hive  
  160  10:44  Spire  
  160  10:45  Drone x6  
  163  10:56  Pneumatized Carapace  
  162  10:59  Hydralisk x4  
  162  11:02  Overlord  
  162  11:03  Hatchery  
  152  11:40  Lurker x3  
  152  11:42  Zergling x14  
  152  11:43  Zergling x26  
  152  11:46  Extractor  
  174  11:49  Lurker  
  174  11:50  Lurker x3  
  174  11:52  Zergling x28  
  182  12:09  Hydralisk x5  
  182  12:15  Hatchery  
  165  12:24  Hydralisk x7  
  146  12:39  Hydralisk x5  
  146  12:43  Greater Spire  
  142  12:46  Hydralisk x2  
  143  12:54  Hydralisk x3  
  137  13:03  Corruptor x2  
  141  13:11  Corruptor  
  141  13:12  Extractor x2  
  138  13:17  Corruptor  
  138  13:19  Drone  
  141  13:21  Drone x3  
  141  13:24  Queen  
  146  13:34  Overseer  
  146  13:37  Corruptor  
  148  14:08  Brood Lord x2  
  129  14:14  Drone x3  
  129  14:15  Drone  
  105  14:17  Hydralisk x7  
  107  14:31  Zergling x2  
  107  14:32  Zergling x6  
Tags
 
Add a new tag
Caveats
  • Supply blocks, unpowered buildings, or Contaminate may cause inaccurate times.
  • Supply counts are checked every 10 seconds.